 Dungeon Crawl Stone Soup version 0.20-a0-351-gc9b4002 (webtiles) character file.

11 Duffy the Skirmisher (level 2, 0/28 HPs)
             Began as a Naga Fighter on Dec 25, 2016.
             Killed from afar by a dart slug (2 damage)
             ... with a slug dart
             ... on level 1 of the Dungeon.
             The game lasted 00:00:28 (386 turns).

Duffy the Skirmisher (Naga Fighter)                  Turns: 386, Time: 00:00:29

Health: 0/28       AC:  4    Str: 18    XL:     2   Next: 25%
Magic:  2/2        EV:  5    Int:  8    God:
Gold:   23         SH:  8    Dex: 10    Spells: 1/1 levels left

rFire  . . .     SeeInvis +     a - +0 war axe
rCold  . . .     Gourm    .     b - +0 scale mail
rNeg   . . .     Faith    .     c - +0 shield
rPois  +         Spirit   .     (no helmet)
rElec  .         Reflect  .     (no cloak)
rCorr  .         Harm     .     (no gloves)
MR     .....                    (no barding)
Stlth  ..........               (no amulet)
                                (no ring)
                                (no ring)

@: short of breath, very slow
A: see invisible, deformed body, poison resistance, slowness 2, slow metabolism
1, spit poison 1, AC +0
a: Spit Poison


You were on level 1 of the Dungeon.
You were not hungry.

You visited 1 branch of the dungeon, and saw 1 of its levels.

You collected 23 gold pieces.

Inventory:

Hand Weapons
 a - a +0 war axe (weapon)
Armour
 b - a +0 scale mail (worn)
 c - a +0 shield (worn)
Jewellery
 g - a cursed amulet of inaccuracy {unknown}
 j - an uncursed amulet of rage {unknown}
Scrolls
 e - a scroll of remove curse {unknown}
 i - a scroll of teleportation {unknown}
Potions
 d - a potion of might
 h - 2 potions of berserk rage {unknown}
 k - a potion of curing {unknown}
Comestibles
 f - a bread ration


   Skills:
 - Level 3.0 Fighting
 + Level 2.4 Axes
 - Level 2.4 Armour
 + Level 2.7 Shields


You had one spell level left.
You didn't know any spells.

Dungeon Overview and Level Annotations

Branches:
Dungeon (1/15)

Altars:


Innate Abilities, Weirdness & Mutations

You cannot wear boots.
Your serpentine skin is tough. (AC +0)
You have supernaturally acute eyesight. (SInv)
Armour fits poorly on your strangely shaped body.
Your system is resistant to poisons. (rPois)
You cover ground very slowly.
You have a slow metabolism.
You can spit poison.


Message History

The splash of poison misses the gnoll.
You feel slightly more hungry. You block the gnoll's attack.
You closely miss the gnoll. The gnoll hits you with a flail.
You barely miss the gnoll. The gnoll hits you with a flail!
You hit the gnoll.
The gnoll is moderately wounded.
You have got your breath back.
The gnoll hits you with a flail!
Your shield and scale mail prevent you from hitting the gnoll.
The gnoll is moderately wounded.
You hit the dart slug but do no damage. You block the gnoll's attack.
The dart slug barely misses you. The gnoll hits you but does no damage.
Press: ? - help, Shift-Dir - straight line, f/p - gnoll
Aim: a gnoll, wielding a flail (moderately wounded)
The splash of poison hits the gnoll.
The gnoll appears unharmed.
The gnoll is moderately wounded.
You feel slightly more hungry. The dart slug launches a dart at you.
The slug dart hits you!
You die...

.. #.#####. .. #.##.... ### #.
#.##.##. ..# ##.## #.##.##. #.#
#...# #....... #.# #...# ####.###
#####.##### #...# #.......
..........# #..g# #.##.#..
##....##..####.w@###### ##.#..#..
#....##..............###....##..
#...............................
.#.....#..............###........
.......#..##.......#### #.#.##.##
..........#.........# #.#.##.##
####.######.........# #........
#.# #.........# #.##.#.## #.#
##.......## #......##


You could see a gnoll and a dart slug.

Vanquished Creatures
  3 goblins (D:1)
  3 hobgoblins (D:1)
  3 bats (D:1)
9 creatures vanquished.

Notes
Turn   | Place    | Note
-------+----------+-------------------------------------------
     0 | D:1      | Duffy the Naga Fighter began the quest for the Orb.
     0 | D:1      | Reached XP level 1. HP: 21/21 MP: 1/1
   188 | D:1      | Reached XP level 2. HP: 28/28 MP: 2/2
   386 | D:1      | Killed from afar by a dart slug

Vault maps used:
D:1:      nicolae_arrival_washed_ashore, hangedman_decor_peaks_small

Action                   || total
-------------------------++-------
Melee: War axe           ||    20
 Abil: Spit Poison       ||     9
Armor: Scale mail        ||     4
Dodge: Dodged            ||     5
Block: Shield            ||    12
